 Dungeon Crawl Stone Soup version 0.19.1 (webtiles) character file.

95 HessuHobo the Poker (level 4, -4/33 HPs)
             Began as a Demonspawn Gladiator on Dec 27, 2016.
             Was an Initiate of Qazlal.
             Slain by a scorpion (5 damage)
             ... on level 3 of the Dungeon.
             The game lasted 00:05:45 (2505 turns).

HessuHobo the Poker (Demonspawn Gladiator)          Turns: 2505, Time: 00:05:48

Health: -4/33      AC:  6    Str: 16    XL:     4   Next: 39%
Magic:  0/4        EV: 12    Int:  9    God:    Qazlal [......]
Gold:   130        SH:  0    Dex: 14    Spells: 0 memorised, 3 levels left

rFire  + . .     SeeInvis .     a - +0 trident
rCold  + . .     Gourm    .     b - +0 leather armour
rNeg   . . .     Faith    .     (no shield)
rPois  +         Spirit   +     c - +0 helmet
rElec  +         Reflect  .     (no cloak)
rCorr  +         Harm     .     (no gloves)
MR     .....                    (no boots)
Stlth  +.........               (no amulet)
                                (no ring)
                                (no ring)

@: lethally poisoned (-4 -> -18), resistant
A: hooves 1, molten scales 1, magic shield
a: Renounce Religion


You were on level 3 of the Dungeon.
You worshipped Qazlal.
Qazlal was noncommittal.
You were not hungry.

You visited 1 branch of the dungeon, and saw 4 of its levels.

You collected 130 gold pieces.

Inventory:

Hand Weapons
 a - a +0 trident (weapon)
Missiles
 d - 3 throwing nets (quivered)
Armour
 b - a +0 leather armour (worn)
 c - a +0 helmet (worn)
Scrolls
 e - 4 scrolls of remove curse {unknown}
 h - a scroll of amnesia {unknown}
 i - 2 scrolls of blinking {unknown}
 l - 2 scrolls of teleportation {unknown}
 m - 2 scrolls of identify {unknown}
 p - 2 scrolls of recharging {unknown}
Potions
 j - 2 potions of degeneration {unknown}
 n - a potion of curing {unknown}
 s - a potion of heal wounds {unknown}
 t - a potion of magic {unknown}
 u - a potion of flight {unknown}
Comestibles
 f - 2 bread rations
 g - a royal jelly
 k - a beef jerky
 q - 2 chunks of flesh
 r - 3 meat rations
 v - 3 fruits


   Skills:
 - Level 2.0 Fighting
 * Level 4.3 Polearms
 - Level 1.7 Throwing
 + Level 1.3 Armour
 - Level 2.6 Dodging
 + Level 0.4 Stealth


You had 3 spell levels left.
You didn't know any spells.

Dungeon Overview and Level Annotations

Branches:
Dungeon (4/15)
 Temple: D:4-7

Altars:
Qazlal
The Shining One


Innate Abilities, Weirdness & Mutations

You have large cloven feet.
You are partially covered in molten scales. (AC +2)
When hurt, damage is shared between your health and your magic reserves.


Message History

Okay, then.
It was a potion of resistance.
You feel protected.
You feel sick. The scorpion stings you.
* * * LOW HITPOINT WARNING * * *
* * * LOW HITPOINT WARNING * * *
You feel sick.
* * * LOW HITPOINT WARNING * * *
You feel sick.
You hit the scorpion.
The scorpion is heavily wounded.
* * * LOW HITPOINT WARNING * * *
You feel sick. The scorpion closely misses you.
You closely miss the scorpion. Your kick misses the scorpion.
The scorpion is heavily wounded.
* * * LOW HITPOINT WARNING * * *
You feel sick. The scorpion stings you.
* * * LOW HITPOINT WARNING * * *
The scorpion stings you!
You die...

#.## #...###...###..........#
#..# ###...........>.<###...##
##.#####.#.........#.## ###.##
#####.##....####.#..#...### ##.##
..#...).(#### #..........###....
.........## ###..####.....##..##
..........####...## ##..........
........).#....#.# #...####..#
..........#.####@# ###.#.# ##)#
..............(#s####.....# #.#
...........###....†>...##.## #..
...........# ###.###...##..######
..#.....#.#####....).#......§..##
#######...##......######...≈§..≈≈
##.....##.### #.≈##§^..#
#......#.# #..#^#...^ #..###...#
#.^#§#.(^#


You could see a scorpion.

Vanquished Creatures
  A worker ant (D:3)
  3 adders (D:3)
  A leopard gecko (D:1)
  An orc (D:3)
  3 ball pythons
  3 giant cockroaches
  2 goblins (D:1)
  3 hobgoblins
  4 jackals (D:1)
  7 bats
  4 frilled lizards
  10 kobolds
  3 rats
45 creatures vanquished.

Notes
Turn   | Place    | Note
-------+----------+-------------------------------------------
     0 | D:1      | HessuHobo the Demonspawn Gladiator began the quest for the Orb.
     0 | D:1      | Reached XP level 1. HP: 16/16 MP: 1/1
    84 | D:1      | Reached skill level 3 in Polearms
   240 | D:1      | Gained mutation: When hurt, damage is shared between your health and your magic reserves. [demonic ancestry]
   240 | D:1      | Reached XP level 2. HP: 16/22 MP: 2/2
   395 | D:1      | Found a glowing golden altar of the Shining One.
  1440 | D:2      | Gained mutation: You are partially covered in molten scales. (AC +2) [demonic ancestry]
  1440 | D:2      | Reached XP level 3. HP: 27/27 MP: 3/3
  1900 | D:3      | Found a stormy altar of Qazlal.
  1912 | D:3      | Became a worshipper of Qazlal Stormbringer
  1989 | D:3      | Reached skill level 1 in Armour
  2078 | D:3      | Reached skill level 4 in Polearms
  2307 | D:3      | Gained mutation: You have large cloven feet. [demonic ancestry]
  2307 | D:3      | Reached XP level 4. HP: 15/33 MP: 1/4
  2505 | D:3      | HP: 1/33 [scorpion (2)]
  2505 | D:3      | Slain by a scorpion

Skill      XL: |  1  2  3 |
---------------+----------+-----
Polearms       | 3 4 |  4.3
Armour         | 1 |  1.3
Fighting       | |  2.0
Throwing       | |  1.7
Dodging        | |  2.6
Stealth        | |  0.4

Action                   |  1- 3 |  4- 6 || total
-------------------------+-------+-------++-------
Melee: Trident           |   147 |    15 ||   162
       Kick              |       |     3 ||     3
  Use: Potion            |       |     1 ||     1
 Stab: Sleeping          |     2 |       ||     2
  Eat: Chunk             |     4 |     1 ||     5
Armor: Leather armour    |    66 |     5 ||    71
Dodge: Dodged            |   141 |    12 ||   153
